 Dungeon Crawl Stone Soup version 0.22.1-2-g9c5b331 (webtiles) character file.

95 PipTheRed the Shield-Bearer (level 4, 0/40 HPs)
             Began as a Hill Orc Fighter on Dec 2, 2018.
             Succumbed to Ijyb's poison
             ... on level 2 of the Dungeon.
             The game lasted 00:13:46 (2096 turns).

PipTheRed the Shield-Bearer (Hill Orc Fighter)      Turns: 2096, Time: 00:13:47

Health: 0/40       AC: 12    Str: 18    XL:     4   Next: 65%
Magic:  4/4        EV:  8    Int:  8    God:
Gold:   149        SH: 10    Dex: 16    Spells: 3/3 levels left

rFire    . . .     SeeInvis .   a - +1 war axe
rCold    . . .     Gourm    .   c - +0 shield
rNeg     . . .     Faith    .   u - +0 plate armour
rPois    .         Spirit   .   x - +0 helmet
rElec    .         Reflect  .   (no cloak)
rCorr    .         Harm     .   (no gloves)
MR       .....                  (no boots)
Stlth    ..........             (no amulet)
HPRegen  0.13/turn              (no ring)
MPRegen  0.09/turn              (no ring)

@: agile, lethally poisoned (0 -> -10)
A: no striking features
a: no special abilities


You were on level 2 of the Dungeon.
You were hungry.

You visited 1 branch of the dungeon, and saw 3 of its levels.

You collected 149 gold pieces.

Inventory:

Hand Weapons
 a - a +1 war axe (weapon)
 d - a +2 dagger of venom
 i - a +0 hunting sling
 k - a +0 spear
 r - a +2 dagger of freezing
 A - a +0 hunting sling
 B - a +0 dagger
 C - a +0 hand axe
Missiles
 l - 55 sling bullets
 s - 43 arrows
 t - 29 stones (quivered)
Armour
 c - a +0 shield (worn)
 e - a cursed +0 ring mail
 g - a +0 scale mail
 h - a +0 leather armour
 j - a +0 ring mail
 u - a +0 plate armour (worn)
 v - a +0 leather armour
 x - a +0 helmet (worn)
Wands
 w - a wand of iceblast (7)
Scrolls
 b - a scroll of identify {unknown}
 m - a scroll of enchant weapon
 y - a scroll of remove curse
 z - 2 scrolls of fear {unknown}
Potions
 o - 2 potions of brilliance {unknown}
 p - a potion of lignification {unknown}
 q - a potion of cancellation
 E - a potion of mutation {unknown}
Comestibles
 f - 3 rations


   Skills:
 + Level 4.1 Fighting
 + Level 4.2 Axes
 + Level 3.7 Armour
 + Level 0.3 Dodging
 + Level 0.1 Stealth
 + Level 4.2 Shields


You had 3 spell levels left.
You didn't know any spells.
Your spell library was empty.

Dungeon Overview and Level Annotations

Branches:
Dungeon (3/15)

Altars:
Kikubaaqudgha
Zin


Message History

You feel more buoyant.
* * * LOW HITPOINT WARNING * * *
You feel sick.
* * * LOW HITPOINT WARNING * * *
You feel sick.
Items here: ) / [ † a dagger of venom; a leather armour; a wand of iceblast (7) the goblin corpse of Ijyb
d - a dagger of venom;
h - a leather armour;
w - a wand of iceblast (7)
* * * LOW HITPOINT WARNING * * *
You feel sick.
It was a potion of cancellation.
Your magical effects are unravelling.
You feel magically purged.
You float gracefully downwards.
You feel a little less mighty now.
* * * LOW HITPOINT WARNING * * *
You feel sick.
It was a potion of agility.
You feel agile all of a sudden.
You die...

#...# #..........#.### #...#
#............# #...#
#...........## ######## #...#
#...........####......# #...#
#......................
#...###...........####.####.#
#.......####.#......##.# #..
#...###.####.#.####.##.######
#.##........@#.####.##....###
#.##.##..###>................
#.#...#......#.##.#.#####.###
#.#...#..##..#..#.#.# #.# #
#.#...#.........#.#.#####.# #
##.#...#.#########.........#
#
#..#.###...................#
# #.##.#
############........# #
#.##.# ###### #........# #


There were no monsters in sight!

Vanquished Creatures
  Ijyb (D:2)
  2 adders (D:2)
  2 dart slugs (D:1)
  A leopard gecko (D:1)
  An orc (D:3)
  3 bats
  2 bat zombies (D:2)
  4 goblins (D:1)
  5 hobgoblins
  7 jackals (D:1)
  3 kobolds
  5 frilled lizards
  5 rats
41 creatures vanquished.

Notes
Turn   | Place    | Note
-------+----------+-------------------------------------------
     0 | D:1      | PipTheRed the Hill Orc Fighter began the quest for the Orb.
     0 | D:1      | Reached XP level 1. HP: 19/19 MP: 1/1
    64 | D:1      | Reached XP level 2. HP: 6/27 MP: 2/2
   395 | D:1      | Reached XP level 3. HP: 20/33 MP: 3/3
  1408 | D:2      | Found a glowing silver altar of Zin.
  1711 | D:2      | Reached XP level 4. HP: 36/40 MP: 4/4
  1910 | D:2      | Found an ancient bone altar of Kikubaaqudgha.
  2060 | D:3      | Noticed Ijyb
  2091 | D:2      | Killed Ijyb
  2094 | D:2      | HP: 2/40 [poisoned by Ijyb]
  2096 | D:2      | Succumbed to Ijyb's poison

Skill      XL: |  1  2  3  4 |
---------------+-------------+-----
Axes           | 3 4 |  4.2
Fighting       | 4 |  4.1
Shields        | 4 |  4.2
Armour         | |  3.7
Dodging        | |  0.3
Stealth        | |  0.1

Action                   |  1- 3 |  4- 6 || total
-------------------------+-------+-------++-------
Melee: War axe           |   124 |    23 ||   147
  Use: Scroll            |     2 |       ||     2
       Potion            |       |     6 ||     6
  Eat: Ration            |     1 |       ||     1
Armor: Scale mail        |    56 |       ||    56
       Plate armour      |    22 |    35 ||    57
Dodge: Dodged            |    39 |     8 ||    47
Block: Shield            |    88 |    15 ||   103
